AoeStats
← EMERCATORM

Nomad

508333270Analyzed
4v4 RM · 11d ago on Sep 22, 2026· 39m 3s· 8 players
Game mode
Random Map
Map size
231×231
Population
200
Speed
Normal
Resources
Standard
Victory
Conquest
Starting age
Dark Age
Ending age
Imperial Age
RankedLock teamsTeams togetherTeam positionsShared explorationLock speedFull tech treeHidden civsTurbo modeCheats
Victory
Defeat
🇦🇷 Cumans · Argentina
821
+13
🇦🇷 Huns · Argentina
819
+13
🇬🇧 Cumans · United Kingdom
792
+14
🇬🇧 Persians · United Kingdom
776
+15
🇨🇱 Bohemians · Chile
810
-15
🇨🇱 Cumans · Chile
804
-41
🇨🇱 Vikings · Chile
772
-39
🇨🇱 Franks · Chile
648
-24
BOOSON 8
17:24 Loom
21:04 Feudal Age
22:43 Double-Bit Axe
22:40 Horse Collar
22:43 Fishing Lines
30:03 Castle Age
28:39 Wheelbarrow
29:03 Gold Mining
29:03 Stone Mining
31:36 Caravan
31:33 Pikeman
32:00 Gambesons
32:15 Squires
32:00 Arson
34:39 Heavy Plow
35:45 Coinage
40:42 Imperial Age
39:22 Bow Saw
39:59 Gold Shaft Mining
40:00 Stone Shaft Mining
nene
11:30 Loom
16:04 Feudal Age
16:16 Man-at-Arms
22:32 Double-Bit Axe
23:34 Fishing Lines
28:20 Castle Age
28:23 Bloodlines
32:36 Bow Saw
32:30 Husbandry
31:52 Light Cavalry
34:10 Marauders
sam.pidgeon
6:40 Loom
15:38 Feudal Age
16:18 Double-Bit Axe
23:37 Castle Age
21:57 Scale Barding Armor
22:07 Town Watch
23:37 Bloodlines
26:48 Light Cavalry
29:48 Capped Ram
31:05 Forging
33:49 Iron Casting
33:35 Chain Barding Armor
37:12 Steppe Husbandry
37:16 Padded Archer Armor
37:06 Fletching
37:17 Scale Mail Armor
THE RANDY
9:29 Loom
14:48 Feudal Age
23:35 Forging
24:13 Fishing Lines
26:03 Man-at-Arms
26:30 Arson
36:04 Castle Age
36:20 Long Swordsman
36:24 Pikeman
36:37 Capped Ram
Camilooo
4:31 Loom
14:30 Feudal Age
15:12 Double-Bit Axe
17:39 Wheelbarrow
18:36 Town Watch
23:53 Castle Age
25:26 Arson
26:02 Bow Saw
28:08 Pikeman
jignaciopoblete
3:40 Loom
16:58 Feudal Age
20:58 Wheelbarrow
32:23 Castle Age
35:58 Husbandry
Fox
14:40 Feudal Age
28:26 Loom
32:32 Horse Collar
34:29 Double-Bit Axe
EMERCATORM
7:04 Loom
15:33 Feudal Age
16:10 Double-Bit Axe
16:10 Horse Collar
25:32 Castle Age
27:08 Forging
26:22 Man-at-Arms
27:05 Squires
26:28 Crossbowman
27:54 Scale Mail Armor
29:34 Long Swordsman
29:59 Gambesons
31:48 Heavy Plow
31:32 Fishing Lines
34:57 Pikeman
Connection lost

Rejoining the realm…

Still unreachable

The connection could not be restored.

Session expired

The server has moved on; the page needs a fresh start.